 Dungeon Crawl Stone Soup version 0.25-a0-443-gece2dee8bd (webtiles) character file.

Game seed: 15467345370676956013, levelgen mode: deterministic

228 MirrMurr the Sneak (level 5, -10/24 HPs)
             Began as a Spriggan Enchanter on Jan 30, 2020.
             Killed by nerve-wracking pain
             ... invoked by Grinder
              (12 damage)
             ... on level 4 of the Dungeon.
             The game lasted 00:11:20 (5821 turns).

MirrMurr the Sneak (Spriggan Enchanter)             Turns: 5821, Time: 00:11:20

Health: -10/24     AC:  2    Str:  5    XL:     5   Next: 70%
Magic:  19/19      EV: 18    Int: 16    God:
Gold:   81         SH:  0    Dex: 17    Spells: 3/9 levels left

rFire    . . .     SeeInvis +   a - +1 dagger (venom)
rCold    . . .     Gourm    .   (shield restricted)
rNeg     . . .     Faith    .   p - +0 robe
rPois    .         Spirit   .   (helmet restricted)
rElec    .         Reflect  .   (no cloak)
rCorr    .         Harm     .   (gloves unavailable)
MR       +....                  (boots unavailable)
Stlth    ++++......             (no amulet)
HPRegen  0.08/turn              q - ring of magical power
MPRegen  0.16/turn              g - ring of protection from magic

@: very quick
A: very small, unfitting armour, see invisible, herbivore, speed 3, slow
metabolism 2
a: no special abilities


You were on level 4 of the Dungeon.
You were not hungry.

You visited 1 branch of the dungeon, and saw 4 of its levels.

You collected 81 gold pieces.

Inventory:

Hand Weapons
 a - a +1 dagger of venom (weapon)
 b - a +0 hunting sling
Missiles
 d - 15 poisoned darts
 e - 225 stones
 o - 40 sling bullets
 A - 10 boomerangs (quivered)
Armour
 p - a +0 robe (worn)
Jewellery
 g - a ring of protection from magic (right hand)
 q - a ring of magical power (left hand)
Scrolls
 n - 3 scrolls of fear
 r - a scroll of remove curse
 v - a scroll of teleportation
Potions
 h - a potion of experience {unknown}
 i - a potion of might {unknown}
 k - a potion of flight {unknown}
 l - 2 potions of heal wounds {unknown}
 m - 2 potions of curing {unknown}
 s - a potion of invisibility {unknown}
 t - 2 potions of resistance
 u - a potion of berserk rage {unknown}
 x - a potion of brilliance {unknown}
Comestibles
 c - a ration


   Skills:
 + Level 4.4 Short Blades
 - Level 3.0 Dodging
 + Level 7.7 Stealth
 - Level 2.6 Spellcasting
 - Level 3.6 Hexes


You had 3 spell levels left.
You knew the following spells:

 Your Spells              Type           Power        Failure   Level  Hunger
a - Ensorcelled Hibernat  Hex/Ice        #.....       14%         2    ##.....
b - Confusing Touch       Hex            ##......     13%         3    ###....
C - Corona                Hex            ##.....      4%          1    #......

Your spell library contained the following spells:

 Spells                   Type           Power        Failure   Level  Hunger
 Tukima's Dance           Hex            ##......     13%         3    ###....
 Dazzling Flash           Conj/Hex       #.....       28%         3    ###....


Dungeon Overview and Level Annotations

Branches:
Dungeon (4/15)
 Temple: D:4-7

Altars:
Fedhas
Makhleb
Zin
The Shining One

Annotations:
D:4 Grinder


Innate Abilities, Weirdness & Mutations

You are very small and have problems with some larger weapons.
You are too small for most types of armour.
You have supernaturally acute eyesight. (SInv)
You are a herbivore.
You cover ground extremely quickly.
You need to consume almost no food.


Message History

The hound bites you but does no damage.
You barely miss the hound. The hound misses you.
You hit the hound but do no damage.
The hound is poisoned.
The hound closely misses you.
You hit the hound but do no damage.
The hound looks as sick as possible!
The gnoll completely misses you. The hound bites you. The hound misses you.
The hound misses you.
Found a ring mail.
Grinder comes into view.
The hound misses you.
You hear the slow rusting of a very distant drain.
The gnoll completely misses you. The hound completely misses you.
The gnoll hits you with a +0 flail!
* * * LOW HITPOINT WARNING * * *
The gnoll barely misses you. Grinder gestures at you.
Pain shoots through your body!
Ouch! That really hurt!
You die...

#......#.....g..[.......
#......#..#####.########
......#..# . .........
.....#..#.# .#.######
#...#.##.###.#.# #
#####...#........ # #
#................ #
#.....g5......... ##
#....g.h@........ #.
#................ ###.
#................ #...
#.....################...
#.....#...........##.....
#.....#...........###....
#.....#..................
#.....#................##
#.[...#................##


You could see Grinder, a hound and 2 gnolls.

Vanquished Creatures
  A gnoll (D:4)
  13 adders
  4 worms
  A dart slug (D:2)
  A leopard gecko (D:3)
  6 orcs (D:3)
  8 bats
  4 giant cockroaches
  10 goblins
  11 hobgoblins
  4 jackals
  2 quokkas
  6 frilled lizards
  11 kobolds
  5 rats (D:2)
87 creatures vanquished.

Notes
Turn   | Place    | Note
-------+----------+-------------------------------------------
     0 | D:1      | MirrMurr the Spriggan Enchanter began the quest for the
                  | Orb.
     0 | D:1      | Reached XP level 1. HP: 9/9 MP: 5/5
   501 | D:1      | Reached XP level 2. HP: 9/13 MP: 4/6
   503 | D:1      | Reached skill level 5 in Stealth
   599 | D:1      | Learned a level 2 spell: Ensorcelled Hibernation
  1509 | D:2      | Reached XP level 3. HP: 16/16 MP: 8/8
  1514 | D:2      | Learned a level 3 spell: Confusing Touch
  1527 | D:2      | Found a glowing silver altar of Zin.
  1586 | D:2      | Reached skill level 6 in Stealth
  1917 | D:2      | Reached XP level 4. HP: 21/21 MP: 2/9
  2181 | D:2      | Found a glowing golden altar of the Shining One.
  3530 | D:2      | Reached skill level 7 in Stealth
  3600 | D:2      | Reached XP level 5. HP: 24/24 MP: 10/10
  4154 | D:3      | Found a blossoming altar of Fedhas.
  5645 | D:4      | Found a burning altar of Makhleb.
  5812 | D:4      | Noticed Grinder
  5821 | D:4      | Killed from afar by Grinder

Levels and vault maps discovered:
D:1:      mrwooster_arrival_statue_2, layout_loops_corners
D:2:      minmay_razor_zed, layout_loops_corners, tso_oasis_becter,
          zin_treasury, minmay_puff
D:3:      layout_loops_corners, kennysheep_donut, fedhas_altar_3
D:4:      minmay_goblin_kobold_castle, layout_basic,
          nicolae_overflow_crystal_walls, cheibrodos_sewer_entry_bend,
          uniq_grinder

Skill      XL: |  1  2  3  4  5 |
---------------+----------------+-----
Stealth        | 5 6 7 |  7.7
Short Blades   | 2 3 4 |  4.4
Dodging        | |  3.0
Spellcasting   | |  2.6
Hexes          | |  3.6

Action                   |  1- 3 |  4- 6 || total
-------------------------+-------+-------++-------
Melee: Dagger            |    89 |   227 ||   316
 Cast: Corona            |     5 |       ||     5
       Ensorcelled Hiber |     5 |    34 ||    39
  Use: Scroll            |     1 |     8 ||     9
 Stab: Sleeping          |    19 |    29 ||    48
  Eat: Ration            |       |     3 ||     3
Armor: Robe              |     8 |     7 ||    15
Dodge: Dodged            |    70 |   160 ||   230

Table legend:
 A = Non-vault XP
 B = Vault XP
 C = Vault XP percentage of total XP
 D = Non-vault monster count
 E = Vault monster count
 F = Vault count percentage of total count
                 A         B        C        D         E       F
            +---------+---------+-------+---------+---------+-------
      Total |     263 |      63 |  19.3 |      70 |      17 |  19.5
            +---------+---------+-------+---------+---------+-------
        D:1 |      32 |       0 |   0.0 |      20 |       0 |   0.0
        D:2 |     119 |      63 |  34.6 |      27 |      17 |  38.6
        D:3 |      83 |       0 |   0.0 |      20 |       0 |   0.0
        D:4 |      29 |       0 |   0.0 |       3 |       0 |   0.0
            +---------+---------+-------+---------+---------+-------
